 Dungeon Crawl Stone Soup version 0.19.0-17-g07987d3 (webtiles) character file.

0 kroki the Digger (level 1, 0/10 HPs)
             Began as a Gargoyle Earth Elementalist on Nov 10, 2016.
             Slain by a kobold
             ... wielding a +0 short sword
              (5 damage)
             ... on level 1 of the Dungeon.
             The game lasted 00:00:41 (138 turns).

kroki the Digger (Gargoyle Earth Elementalist)       Turns: 138, Time: 00:00:42

Health: 0/10       AC:  4    Str: 11    XL:     1   Next: 10%
Magic:  0/3        EV: 12    Int: 15    God:
Gold:   30         SH:  0    Dex: 10    Spells: 1 memorised, 3 levels left

rFire  . . .     SeeInvis .     b - 16 stones
rCold  . . .     Gourm    .     c - +0 robe
rNeg   + . .     Faith    .     (no shield)
rPois  ∞         Spirit   .     (no helmet)
rElec  +         Reflect  .     (no cloak)
rCorr  .         Harm     .     (no gloves)
MR     .....                    (no boots)
Stlth  ++........               (no amulet)
                                (no ring)
                                (no ring)

@: no status effects
A: negative energy resistance 1, electricity resistance, unbreathing,
petrification resistance, rot immunity, AC +2
a: no special abilities


You were on level 1 of the Dungeon.
You were not hungry.

You visited 1 branch of the dungeon, and saw 1 of its levels.

You collected 30 gold pieces.

Inventory:

Missiles
 b - 16 stones (in hand)
Armour
 c - a +0 robe (worn)
Potions
 a - a potion of ambrosia {unknown}
Books
 e - a book of Geomancy
Comestibles
 d - a bread ration {@e1}


   Skills:
 - Level 1.5 Dodging
 - Level 2.1 Stealth
 - Level 2.0 Spellcasting
   Level 0.7 Transmutations
 + Level 3.7 Earth Magic


You had 3 spell levels left.
You knew the following spells:

 Your Spells              Type           Power        Failure   Level  Hunger
a - Sandblast             Erth           ##....       6%          1    #......


Dungeon Overview and Level Annotations

Branches:
Dungeon (1/15)

Altars:


Innate Abilities, Weirdness & Mutations

You are resistant to torment.
Your stone body is resilient. (AC +2)
You are immune to poison.
You resist negative energy. (rN+)
You are resistant to electric shocks. (rElec)
You can survive without breathing.
You are immune to petrification.
You are immune to rotting.


Message History

No target in range!
A jackal is nearby!
No target in range!
A jackal is nearby!
No target in range!
A jackal is nearby!
No target in range!
A jackal is nearby!
No target in range!
A jackal is nearby!
No target in range!
A jackal is nearby!
No target in range!
A jackal is nearby!
No target in range!
A jackal is nearby!
No target in range!
A jackal is nearby!
No target in range!
A jackal is nearby!
No target in range!
A jackal is nearby!
No target in range!
A jackal is nearby!
No target in range!
A jackal is nearby!
No target in range!
A jackal is nearby!
No target in range!
A jackal is nearby!
No target in range! 2 jackals come into view.
The jackal barks!
A jackal comes into view.
There are monsters nearby!
No target in range!
Wield which item (- for none, * to show all)? (? for menu, Esc to quit)
b - 20 stones (in hand)
Aim: a jackal (hasn't noticed you)
Okay, then.
The jackal barks!
You see here 12 gold pieces.
A hobgoblin comes into view.
The hobgoblin shouts!
The jackal closely misses you.
Aim: a jackal The rocky blast hits the jackal.
The jackal misses you.
You now have 2/3 mp.
Aim: a jackal You miscast Sandblast.
You are very lightly contaminated with residual magic.
You are showered with tiny particles of grit.
The jackal barely misses you.
The jackal bites you but does no damage.
You now have 1/3 mp.
Aim: a jackal You miscast Sandblast.
Nothing appears to happen.
The jackal barely misses you.
You now have 0/3 mp.
As you read the scroll labeled SEZXAS CUHIET, it crumbles to dust.
You assume a fearsome visage.
The jackal looks frightened! x2
The hobgoblin looks frightened!
It was a scroll of fear.
Wield which item (- for none, * to show all)? (? for menu, Esc to quit)
Okay, then.
A kobold comes into view. It is wielding a short sword.
The hobgoblin begs for mercy.
You see here 7 gold pieces.
The kobold shouts!
MP restored: 3 Your magical contamination has completely faded away.
You start waiting.
You start waiting.
Aim: a kobold, wielding a short sword and wearing a ring mail The rocky blast hits the kobold.
The kobold closely misses you.
You now have 2/3 mp.
Aim: a kobold, wielding a short sword and wearing a ring mail (moderately wounded)
The rocky blast misses the kobold.
The kobold hits you but does no damage.
You now have 1/3 mp.
Aim: a kobold, wielding a short sword and wearing a ring mail (moderately wounded)
The rocky blast misses the kobold.
The kobold hits you with a short sword.
You take 4 damage, and have 6/10 hp.
MASSIVE DAMAGE!!
You now have 0/3 mp.
Really attack while wielding your 16 stones? [Y]es or [N]o only, please.
Really attack while wielding your 16 stones? [Y]es or [N]o only, please.
Really attack while wielding your 16 stones? [Y]es or [N]o only, please.
Really attack while wielding your 16 stones?
You clumsily bash the kobold but do no damage.
The kobold hits you but does no damage. The kobold misses you.
Unknown command.
You clumsily bash the kobold but do no damage.
The kobold hits you with a short sword.
You take 1 damage, and have 5/10 hp.
You clumsily bash the kobold but do no damage.
The kobold barely misses you. The kobold hits you with a short sword.
Ouch! That really hurt!
You die...

#≈≈≈P......
#≈≈P.......
#≈P........
#P.........
###..###.##
#..###.## ###
#....K...
##K##
#.####.#.
#@#.######.#
#.#.
#.###.K.K...#
#.# ##
#.########
#K#. #.#
####.#. #.
#...... #
#.##g## # #.#
#.##.# #...g#


You could see a kobold.

Vanquished Creatures
  A frilled lizard (D:1)
1 creature vanquished.

Notes
Turn   | Place    | Note
-------+----------+-------------------------------------------
     0 | D:1      | kroki the Gargoyle Earth Elementalist began the quest for the Orb.
     0 | D:1      | Reached XP level 1. HP: 10/10 MP: 3/3
   138 | D:1      | Slain by a kobold

Action                   || total
-------------------------++-------
 Cast: Sandblast         ||     5
  Use: Scroll            ||     1
Armor: Robe              ||     3
Dodge: Dodged            ||     7

Vault maps used:
D:1:      eino_arrival_druids_welcome, minmay_split_cup_large

Table legend:
 A = Turns spent in this place as a percentage of turns spent in the entire game.
 B = Non-inter-level travel turns spent in this place as a percentage of non-inter-level travel turns spent in the entire game.
 C = Inter-level travel turns spent in this place as a percentage of turns spent in this place.
 D = Turns resting spent in this place as a percentage of non-inter-level travel turns spent in this place.
 E = Turns spent auto-exploring this place as a percentage of non-inter-level travel turns spent in this place.
 F = Non-inter-level travel turns spent in this place divided by the number of levels of this place that you've seen.
                   A       B       C       D       E      F
               +-------+-------+-------+-------+-------+----------------------
         Total | 100.0 | 100.0 |   0.0 |   2.4 |   3.0 | 165.0
       Dungeon | 100.0 | 100.0 |   0.0 |   2.4 |   3.0 | 165.0
               +-------+-------+-------+-------+-------+----------------------

Table legend:
 A = Kills in this place as a percentage of kills in entire the game.
 B = Kills by you in this place as a percentage of kills by you in the entire game.
 C = Kills by friends in this place as a percentage of kills by friends in the entire game.
 D = Other kills in this place as a percentage of other kills in the entire game.
 E = Experience gained in this place as a percentage of experience gained in the entire game.
 F = Experience gained in this place divided by the number of levels of this place that you have seen.
                   A       B       C       D       E      F
               +-------+-------+-------+-------+-------+----------------------
         Total | 100.0 | 100.0 |  -nan |  -nan | 100.0 |   1.0
       Dungeon | 100.0 | 100.0 |  -nan |  -nan | 100.0 |   1.0
               +-------+-------+-------+-------+-------+----------------------
